Map: [ESL] Tropical Sacrifice

Players

MaxPax

  • Race: Protoss Protoss
  • Spawn Location: 1:00

Clem - Winner!

  • Race: Terran Terran
  • Spawn Location: 7:00

Event: DreamHack SC2 Masters 2022 Atlanta (Online)

VOD

Have the link to the VOD?

Description

Time

  • Played on: Oct. 14, 2022, 12:12 p.m.
  • Length: 12:09

All games in this series

Show
View Real Time Build Order
Export as new Build Order

MaxPax Protoss 

Build Orders: 1 Gate Expand, Blink Stalkers 

Get SALT Encoding   

  12  0:00  Probe  
  13  0:12  Probe  
  14  0:18  Pylon  
  14  0:24  Probe (Chrono Boost)  
  15  0:37  Gateway, Probe (Chrono Boost)  
  16  0:44  Probe (Chrono Boost)  
  16  0:46  Assimilator  
  17  0:51  Probe  
  18  1:03  Probe  
  19  1:15  Probe  
  20  1:23  Cybernetics Core  
  20  1:34  Nexus  
  20  1:35  Probe  
  21  1:43  Pylon  
  21  1:47  Probe  
  21  1:51  Assimilator  
  22  1:58  Adept (Chrono Boost)  
  22  2:00  Probe  
  23  2:03  Warp Gate  
  25  2:12  Probe  
  26  2:19  Adept (Chrono Boost)  
  28  2:24  Probe  
  29  2:30  Twilight Council  
  29  2:36  Probe (Chrono Boost)  
  30  2:45  Gateway  
  30  2:46  Probe (Chrono Boost)  
  32  2:54  Probe (Chrono Boost)  
  32  2:56  Probe (Chrono Boost)  
  32  2:58  Blink (Chrono Boost)  
  33  3:01  Probe x2 (Chrono Boost)  
  35  3:12  Probe  
  36  3:13  Probe  
  36  3:17  Robotics Facility  
  37  3:24  Probe  
  38  3:28  Probe  
  39  3:35  Gateway  
  39  3:36  Probe  
  39  3:37  Gateway  
  39  3:40  Probe  
  40  3:48  Probe  
  40  3:49  Pylon  
  40  3:52  Probe  
  40  3:53  Stalker  
  40  3:54  Stalker  
  46  4:07  Warp Prism, Probe x2  
  50  4:14  Pylon  
  50  4:18  Stalker  
  50  4:19  Stalker  
  54  4:25  Assimilator  
  54  4:32  Probe  
  54  4:33  Probe  
  56  4:39  Stalker x2  
  60  4:46  Stalker  
  62  4:56  Nexus  
  62  5:04  Pylon  
  62  5:05  Pylon  
  62  5:20  Pylon  
  62  5:22  Probe x2  
  62  5:23  Stalker x4  
  72  5:34  Probe x2  
  66  5:42  Charge (Chrono Boost)  
  66  5:45  Observer  
  66  5:46  Probe x2  
  66  5:47  Stalker x4  
  75  5:59  Probe x2  
  75  6:02  Forge  
  77  6:11  Probe x2  
  77  6:14  Probe  
  76  6:18  Gateway  
  76  6:20  Observer (Chrono Boost)  
  76  6:21  Gateway  
  76  6:22  Gateway  
  76  6:23  Probe x2, Gateway  
  79  6:26  Sentry x2, Probe  
  79  6:30  Shield Battery  
  84  6:35  Probe x2, Pylon  
  84  6:37  Protoss Ground Weapons Level 1 (Chrono Boost)  
  84  6:39  Zealot x2  
  90  6:43  Observer  
  90  6:46  Probe  
  90  6:47  Probe  
  90  6:48  Probe  
  92  6:57  Assimilator  
  92  6:58  Observer, Templar Archives, Probe  
  93  7:03  Zealot x2, Pylon  
  93  7:06  Pylon  
  97  7:08  Pylon  
  97  7:09  Observer  
  97  7:10  Zealot x2  
  101  7:17  Zealot x3  
  107  7:24  Psionic Storm  
  107  7:25  Pylon  
  107  7:28  Zealot x3  
  111  7:31  Zealot  
  111  7:32  Zealot  
  115  7:39  Probe  
  115  7:40  Probe x2  
  115  7:41  Observer  
  115  7:42  High Templar  
  120  7:49  Zealot x2  
  124  7:51  Nexus  
  124  7:57  Zealot x4  
  132  8:02  Pylon  
  132  8:06  High Templar  
  130  8:25  Protoss Ground Weapons Level 2 (Chrono Boost)  
  130  8:26  Probe, High Templar  
  125  8:27  Probe x2  
  125  8:32  Forge  
  125  8:33  Assimilator  
  127  8:38  Zealot x5, Probe  
  127  8:39  Zealot, Probe  
  141  8:50  Zealot  
  141  8:51  Robotics Bay  
  141  8:55  Pylon  
  133  9:04  Archon  
  133  9:05  Zealot x7  
  130  9:14  Zealot  
  102  9:26  Zealot x7  
  105  9:38  Colossus (Chrono Boost)  
  83  9:46  High Templar x2  
  83  9:47  Zealot x2  
  83  9:48  Zealot x4  
  83  9:52  Pylon  
  99  9:58  Nexus, Protoss Ground Armor Level 1 (Chrono Boost)  
  99  10:01  Pylon  
  99  10:12  Stalker x3  
  105  10:17  Zealot x2  
  109  10:23  Colossus (Chrono Boost)  
  111  10:32  Zealot x2  
  113  10:37  Zealot x2  
  113  10:39  Probe x2  
  119  10:44  Zealot x2  
  119  10:49  Zealot  
  124  11:02  Zealot x5  
  134  11:07  Stalker x2  
  127  11:18  Colossus (Chrono Boost)  
  127  11:20  Nexus  
  131  11:27  Zealot  
  131  11:30  Pylon  
  129  11:40  Zealot x2  
  125  11:47  Zealot x4  
  125  11:57  Zealot x2  
Show
View Real Time Build Order
Export as new Build Order

Clem Terran - Winner!

Build Orders: Reaper Expand 

Get SALT Encoding   

  12  0:00  SCV  
  13  0:12  SCV  
  14  0:17  Supply Depot  
  14  0:24  SCV  
  15  0:39  SCV  
  15  0:40  Barracks  
  16  0:45  Refinery  
  16  0:51  SCV  
  17  1:03  SCV  
  18  1:15  SCV  
  19  1:28  Orbital Command  
  19  1:29  Reaper  
  20  1:47  Command Center  
  20  1:53  Supply Depot, SCV  
  21  2:00  Marine  
  22  2:05  SCV  
  23  2:10  Factory  
  23  2:18  SCV  
  23  2:22  Bunker  
  24  2:23  Barracks Reactor  
  24  2:30  Refinery, SCV  
  25  2:43  SCV  
  26  2:45  Barracks  
  26  2:54  Hellion  
  26  2:55  SCV  
  29  2:59  Orbital Command  
  29  3:01  Marine  
  29  3:04  Marine  
  31  3:08  SCV  
  32  3:15  Factory Tech Lab  
  32  3:19  Marine  
  33  3:20  SCV  
  33  3:22  Marine  
  33  3:25  SCV  
  36  3:30  Supply Depot  
  36  3:32  SCV  
  37  3:36  Barracks Tech Lab  
  37  3:37  SCV  
  37  3:39  Marine  
  42  3:42  Marine  
  42  3:44  SCV  
  42  3:46  Siege Tank  
  43  3:51  Barracks  
  43  3:52  SCV  
  43  3:54  Stimpack  
  44  3:56  Marine  
  44  3:58  SCV  
  46  4:03  Marine  
  46  4:04  Marine  
  46  4:05  SCV  
  46  4:08  Supply Depot  
  49  4:12  SCV  
  49  4:15  Marauder  
  52  4:18  SCV  
  52  4:23  Supply Depot  
  53  4:24  Marine  
  53  4:29  Marine  
  53  4:30  Siege Tank  
  53  4:31  SCV x2  
  60  4:35  Supply Depot  
  60  4:38  Marauder  
  62  4:41  Barracks Tech Lab  
  62  4:44  Engineering Bay  
  62  4:45  SCV  
  63  4:47  Supply Depot  
  63  4:48  SCV  
  63  4:50  Marine x2  
  66  4:55  Refinery  
  66  4:57  SCV  
  67  5:00  SCV  
  67  5:02  Combat Shield  
  67  5:05  Marauder  
  70  5:07  Marauder  
  70  5:09  SCV  
  70  5:12  SCV  
  70  5:13  Supply Depot  
  74  5:19  Marine x2  
  73  5:21  SCV  
  73  5:24  SCV  
  73  5:26  Marauder  
  75  5:29  Marauder  
  75  5:33  SCV  
  75  5:34  Siege Tank  
  77  5:36  SCV, Marine  
  77  5:40  Terran Infantry Weapons Level 1  
  76  5:45  Refinery, SCV  
  76  5:48  SCV, Starport  
  76  5:49  Marine  
  78  5:50  Marauder  
  78  5:54  Marauder  
  78  5:56  Marine  
  83  5:58  SCV  
  83  5:59  Supply Depot  
  83  6:00  SCV  
  85  6:07  Marine  
  86  6:14  Barracks Tech Lab  
  86  6:15  Marauder  
  86  6:16  Marine  
  89  6:18  Supply Depot  
  89  6:23  Command Center, Factory Reactor  
  87  6:26  Starport Reactor  
  87  6:28  Marine  
  87  6:29  Concussive Shells, Marauder  
  90  6:34  Supply Depot  
  90  6:38  Barracks  
  90  6:41  Barracks  
  90  6:43  Marine  
  90  6:44  Marauder  
  93  6:49  Marine  
  93  6:50  Marauder  
  94  6:54  Supply Depot  
  94  6:56  SCV x2  
  94  7:00  Widow Mine x2  
  100  7:03  Medivac  
  100  7:04  Medivac  
  100  7:05  Marauder  
  100  7:06  Marine  
  107  7:11  Supply Depot  
  107  7:12  SCV x2  
  107  7:14  Marine  
  110  7:16  Marauder  
  108  7:26  Marine  
  108  7:27  Marauder  
  108  7:32  SCV x2  
  108  7:34  Barracks Reactor, Barracks Tech Lab  
  108  7:35  Widow Mine  
  108  7:36  Medivac x2  
  116  7:37  Widow Mine  
  116  7:38  Marauder  
  116  7:42  Marine  
  116  7:44  SCV, Marine  
  122  7:45  SCV  
  122  7:48  Marauder  
  126  7:54  Marauder  
  126  7:57  Supply Depot  
  129  7:59  Marauder, Orbital Command  
  129  8:01  Widow Mine  
  129  8:02  Widow Mine  
  129  8:05  Terran Infantry Armor Level 1  
  134  8:07  Marine x2  
  134  8:11  Supply Depot  
  136  8:13  Marine x2  
  136  8:18  Marauder  
  138  8:22  Marine  
  138  8:23  Marauder  
  138  8:25  Viking  
  143  8:29  Marine x2  
  143  8:33  Marine x2  
  147  8:36  Widow Mine  
  147  8:37  Widow Mine  
  147  8:40  Supply Depot, Marauder  
  147  8:41  Marauder  
  155  8:42  Medivac  
  155  8:47  Supply Depot  
  155  8:48  Marine x2  
  159  8:50  Marauder  
  159  8:55  Marine  
  159  8:56  Marine  
  159  9:01  Marauder  
  153  9:03  Medivac  
  153  9:04  Widow Mine, Marine  
  153  9:08  SCV  
  153  9:09  SCV  
  153  9:11  SCV, Marauder  
  153  9:12  Marine  
  144  9:20  SCV  
  144  9:21  SCV, Marine  
  144  9:22  Marauder  
  144  9:23  Marauder  
  139  9:25  SCV, Marine  
  139  9:27  Marine  
  141  9:31  Medivac  
  141  9:32  SCV  
  141  9:33  Marauder  
  132  9:38  Widow Mine  
  132  9:39  Medivac  
  132  9:40  Marine x2  
  132  9:41  SCV x2  
  132  9:45  SCV  
  134  9:49  Ghost Academy, Marine  
  134  9:52  Marauder  
  137  9:54  Widow Mine  
  137  9:58  Marauder  
  137  9:59  Marine  
  141  10:00  Marine x2  
  141  10:05  Widow Mine, Marine  
  147  10:09  Marine  
  147  10:10  Refinery  
  147  10:14  Marauder  
  150  10:15  Widow Mine  
  151  10:21  Command Center  
  151  10:22  Ghost  
  151  10:23  Marine  
  151  10:24  Marine  
  151  10:26  Ghost  
  157  10:31  Supply Depot, Widow Mine  
  157  10:33  Marine x2  
  161  10:36  Refinery  
  161  10:42  Armory  
  161  10:43  Engineering Bay  
  161  10:45  Marine  
  161  10:46  Viking  
  164  10:55  Ghost  
  166  10:57  Sensor Tower  
  166  10:58  SCV  
  166  11:00  Supply Depot  
  163  11:04  Ghost  
  163  11:09  Viking  
  163  11:11  SCV  
  166  11:14  SCV  
  166  11:16  Ghost  
  166  11:17  SCV  
  166  11:21  Viking  
  166  11:24  SCV  
  167  11:28  Ghost  
  165  11:40  Ghost  
  165  11:42  SCV  
  165  11:44  Marine x2  
  160  11:49  Marine  
  160  11:50  SCV  
Tags
 
Add a new tag
Caveats
  • Supply blocks, unpowered buildings, or Contaminate may cause inaccurate times.
  • Supply counts are checked every 10 seconds.